 Dungeon Crawl Stone Soup version 0.32-a0-433-g08bcfe7efd (webtiles) character file.

Game seed: 3516644223879970398

47 javelincjr the Trooper (level 3, -2/33 HPs)
             Began as a Mountain Dwarf Monk on Feb 22, 2024.
             Splashed by a jelly's acid (7 damage)
             ... on level 2 of the Dungeon.
             The game lasted 00:01:47 (907 turns).

javelincjr the Trooper (Mountain Dwarf Monk)         Turns: 907, Time: 00:01:48

Health: -2/33      AC: -5    Str: 15    XL:     3   Next: 48%
Magic:  3/3        EV: 12    Int: 10    God:
Gold:   52         SH:  0    Dex: 12    Spells: 2/2 levels left

rFire   . . .        a - +0 hand axe
rCold   . . .        d - orb {light}
rNeg    . . .        b - +0 robe
rPois   .            (no helmet)
rElec   .            (no cloak)
rCorr   .            (no gloves)
SInv    .            (no boots)
Will    .....        m - amulet of magic regeneration
Stlth   +            (no ring)
HPRegen 0.25/turn    (no ring)
MPRegen 0.48/turn

%: no passive effects
@: corroded, glowing
A: runic magic, artefact enchanting
a: no special abilities


You were on level 2 of the Dungeon.
You visited 1 branch of the dungeon, and saw 2 of its levels.

You collected 52 gold pieces.

Inventory:

Hand Weapons
 a - a +0 hand axe (weapon)
Missiles
 q - 4 boomerangs (quivered)
Armour
 b - a +0 robe (worn)
 d - an orb of light (worn)
 h - a +0 ring mail
Jewellery
 m - an amulet of magic regeneration (around neck)
Scrolls
 e - a scroll of identify {unknown}
 g - a scroll of fear {unknown}
 k - a scroll of vulnerability {unknown}
 o - a scroll of teleportation {unknown}
 p - a scroll of poison {unknown}
Potions
 c - a potion of ambrosia
 f - a potion of mutation {unknown}
 i - a potion of curing {unknown}
 j - a potion of lignification {unknown}
 l - a potion of magic {unknown}
 n - a potion of haste {unknown}


   Skills:
 * Level 4.1 Fighting
 + Level 4.1 Axes
 + Level 1.2 Armour
 + Level 2.4 Dodging


You had 2 spell levels left.
You didn't know any spells.
Your spell library was empty.

Dungeon Overview and Level Annotations

Branches:
Dungeon (2/15)

Altars:


Innate Abilities, Weirdness & Mutations

Your spellcasting is much less encumbered by armour.
You can use scrolls of enchantment on lesser artefacts.


Message History

You are too injured to fight recklessly!
An adder is nearby!
You are too injured to fight recklessly!
You are too injured to fight recklessly!
You are too injured to fight recklessly!
You are too injured to fight recklessly!
You closely miss the adder.
The adder is severely wounded.
You feel sick. The adder barely misses you.
The adder bites you but does no damage.
You barely miss the adder.
The adder is severely wounded.
You feel sick. The adder completely misses you.
You hit the adder.
You kill the adder!
You feel sick.
You are no longer poisoned.
You see here an adder corpse.
HP restored.
A jelly comes into view.
The jelly moves out of view.
As you open the door, it creaks loudly!
You hit the jelly.
Your hands burn!
The jelly is lightly wounded.
The jelly barely misses you.
You hit the jelly.
Your hands burn!
The jelly is heavily wounded.
The jelly hits you. The acid corrodes you!
You are splashed with acid!
You hit the jelly but do no damage.
Your hands burn!
The jelly is heavily wounded.
The jelly hits you.
You are splashed with acid!
* * * LOW HITPOINT WARNING * * *
You are too injured to fight recklessly!
You are too injured to fight recklessly!
You completely miss the jelly.
The jelly is heavily wounded.
The jelly hits you.
* * * LOW HITPOINT WARNING * * *
The acid corrodes you!
You are splashed with acid!
You die...

#.+ .. #.# #. ..+ #.#
#.# #.† #.# #.. ##'####
#.. #.....##########..
#.................
#@................
......J.......†.........
........................
......................##
......................).
........#########.......
......... #.......
#######.. #.......
#.......


You could see a jelly.

Vanquished Creatures
  A gnoll (D:1)
  An adder (D:2)
  An endoplasm (D:2)
  A giant cockroach (D:1)
  6 hobgoblins
  2 jackals (D:1)
  4 kobolds
  2 ball pythons (D:1)
  4 bats (D:1)
  2 goblins (D:1)
  4 rats (D:1)
28 creatures vanquished.

Notes
Turn   | Place    | Note
-------+----------+-------------------------------------------
     0 | D:1      | javelincjr the Mountain Dwarf Monk began the quest for the
                  | Orb.
     0 | D:1      | Reached XP level 1. HP: 19/19 MP: 1/1
   174 | D:1      | Reached XP level 2. HP: 22/26 MP: 2/2
   472 | D:1      | Reached skill level 1 in Armour
   504 | D:1      | Reached XP level 3. HP: 11/33 MP: 3/3
   907 | D:2      | Splashed by a jelly's acid

Illustrated notes

Levels and vault maps discovered:
D:1:      minmay_arrival_three_doors, layout_basic
D:2:      layout_basic, basic_altar, minmay_misc_feat_roman, minmay_crystal_room

Skill      XL: |  1  2  3 |
---------------+----------+-----
Armour         | 1 |  1.2
Axes           | 4 |  4.1
Fighting       | 4 |  4.1
Dodging        | |  2.4

Action                     || total
---------------------------++-------
  Melee: Hand axe          ||    78
 Armour: Robe              ||    47
  Dodge: Dodged            ||    67

Table legend: (Time is in decaauts)
 A = Elapsed time spent in this place.
 B = Non-inter-level travel time spent in this place.
 C = Inter-level travel time spent in this place.
 D = Time resting spent in this place.
 E = Time spent auto-exploring this place.
 F = Levels seen in this place.
 G = Mean time per level.
                   A        B        C        D        E       F      G
               +--------+--------+--------+--------+--------+-----+--------+
         Total |    914 |    893 |     21 |      0 |    705 |   2 |  457.0 |
       Dungeon |    914 |    893 |     21 |      0 |    705 |   2 |  457.0 |
               +--------+--------+--------+--------+--------+-----+--------+

Top non-repeatable levels by time:
     D:1: 791 daAuts
     D:2: 123 daAuts
